3L
MONTANA PANDAS @ ATHLETIC CLUB KC
09/22/2041
 
TOP OF THE 1ST
Montana Pandas batting - Pitching for Athletic Club KC : RHP Jack Bennett
Pitching: RHP Jack Bennett
Batting: SHB Manu Pakkarinen 0-0: Ball
1-0: Foul Ball, location: 2F
1-1: Fly out, F8 (Flyball, 8RD, EV 89.4 MPH)
Batting: SHB Chris Piña 0-0: Ball
1-0: SINGLE (Line Drive, 9LS, EV 90.0 MPH)
Batting: LHB Gene Ricks 0-0: Ball
Chris Piña steals 2nd base
1-0: Foul Ball, location: 2F
1-1: Ball
2-1: Ball
3-1: Foul Ball, location: 2F
3-2: Strikes out looking
Batting: SHB Dylan Carson 0-0: Called Strike
0-1: Ball
1-1: SINGLE (Groundball, 3D, EV 95.0 MPH)
Chris Piña to third
Runner from 3rd tries for Home, SAFE, throw by RF to home
Batting: LHB DeMarvion Overshown 0-0: Ball
1-0: Ball
2-0: Foul Ball, location: 2F
2-1: Foul Ball, location: 2F
2-2: Foul Ball, location: 2F
2-2: Strikes out looking
Top of the 1st over - 1 run, 2 hits, 0 errors, 1 left on base; Montana 1 - Athletic Club KC 0
BOTTOM OF THE 1ST
Athletic Club KC batting - Pitching for Montana Pandas : RHP Karl Dandleton
Pitching: RHP Karl Dandleton
Batting: RHB Ali Ben Bongo 0-0: Fly out, F4 (Line Drive, 4, EV 70.0 MPH)
Batting: LHB César Núñez 0-0: Ball
1-0: Ball
2-0: Called Strike
2-1: Called Strike
2-2: Ball
3-2: SINGLE (Groundball, 34D, EV 103.8 MPH)
Batting: RHB Jimbob Ghostkeeper 0-0: Fly out, F9 (Flyball, 89M, EV 90.6 MPH)
Batting: LHB Oriol Fernández 0-0: Swinging Strike
0-1: Ball
1-1: Ball
2-1: Foul Ball, location: 2F
2-2: SINGLE (Line Drive, 3D, EV 99.4 MPH)
César Núñez to second
Runner from 2nd tries for 3rd, SAFE, throw by RF made to third
Batting: RHB Terry Kurucz 0-0: Swinging Strike
0-1: Called Strike
0-2: Strikes out swinging
Bottom of the 1st over - 0 runs, 2 hits, 0 errors, 2 left on base; Montana 1 - Athletic Club KC 0
TOP OF THE 2ND
Montana Pandas batting - Pitching for Athletic Club KC : RHP Jack Bennett
Batting: RHB Edgar Baeza 0-0: Ball
1-0: Swinging Strike
1-1: Ball
2-1: Ball
3-1: Base on Balls
Batting: RHB Eikki Kankaanperä 0-0: Swinging Strike
0-1: Sac Bunt to 15 - play at first, batter OUT! 1-3
Edgar Baeza to second
Batting: RHB Blythe Plumpley 0-0: Ball
1-0: Ball
2-0: Foul Ball, location: 2F
2-1: Foul Ball, location: 2F
2-2: Foul Ball, location: 2F
2-2: Fly out, F3 (Popup, 3F, EV 56.9 MPH)
Batting: RHB Nick Harper 0-0: Ball
1-0: Called Strike
1-1: Foul Ball, location: 2F
1-2: SINGLE (Groundball, 6MD, EV 104.4 MPH)
Edgar Baeza to third
Runner from 3rd tries for Home, SAFE, no throw by CF
Batting: SHB Manu Pakkarinen 0-0: Ball
1-0: Fly out, F2 (Popup, 5SF, EV 76.2 MPH)
Top of the 2nd over - 1 run, 1 hit, 0 errors, 1 left on base; Montana 2 - Athletic Club KC 0
BOTTOM OF THE 2ND
Athletic Club KC batting - Pitching for Montana Pandas : RHP Karl Dandleton
Batting: RHB Marcos Quintana 0-0: Called Strike
0-1: Foul Ball, location: 2F
0-2: Ball
1-2: Ball
2-2: SINGLE (Groundball, 34D, EV 98.1 MPH)
Batting: RHB Shou-xin Quian 0-0: Ball
Marcos Quintana steals 2nd base
1-0: Ball
2-0: Ground out 6-3 (Groundball, 6, EV 104.4 MPH)
Batting: RHB Shane Reyes 0-0: Ball
1-0: Foul Ball, location: 2F
1-1: Ball
2-1: Ball
3-1: Called Strike
3-2: Fly out, F9 (Flyball, 9S, EV 82.5 MPH)
Batting: RHB Gabriel Martínez 0-0: Swinging Strike
0-1: Foul Ball, location: 2F
0-2: Fly out, F9 (Flyball, 89S, EV 81.2 MPH)
Bottom of the 2nd over - 0 runs, 1 hit, 0 errors, 1 left on base; Montana 2 - Athletic Club KC 0
TOP OF THE 3RD
Montana Pandas batting - Pitching for Athletic Club KC : RHP Jack Bennett
Batting: SHB Chris Piña 0-0: Ball
1-0: Called Strike
1-1: Fly out, F6 (Popup, 6S, EV 79.4 MPH)
Batting: LHB Gene Ricks 0-0: Called Strike
0-1: Foul Ball, location: 2F
0-2: Strikes out swinging
Batting: SHB Dylan Carson 0-0: Ball
1-0: Called Strike
1-1: Called Strike
1-2: Strikes out looking
Top of the 3rd over - 0 runs, 0 hits, 0 errors, 0 left on base; Montana 2 - Athletic Club KC 0
BOTTOM OF THE 3RD
Athletic Club KC batting - Pitching for Montana Pandas : RHP Karl Dandleton
Batting: RHB Ali Ben Bongo 0-0: Fly out, F9 (Flyball, 9D, EV 74.4 MPH)
Batting: LHB César Núñez 0-0: Ball
1-0: Called Strike
1-1: Called Strike
1-2: Strikes out swinging
Batting: RHB Jimbob Ghostkeeper 0-0: Ball
1-0: Fly out, F9 (Line Drive, 9, EV 90.0 MPH)
Bottom of the 3rd over - 0 runs, 0 hits, 0 errors, 0 left on base; Montana 2 - Athletic Club KC 0
TOP OF THE 4TH
Montana Pandas batting - Pitching for Athletic Club KC : RHP Jack Bennett
Batting: LHB DeMarvion Overshown 0-0: Ball
1-0: Foul Ball, location: 2F
1-1: Ball
2-1: Ball
3-1: Base on Balls
Batting: RHB Edgar Baeza 0-0: Called Strike
0-1: SINGLE (Line Drive, 34D, EV 102.5 MPH)
DeMarvion Overshown to second
Batting: RHB Eikki Kankaanperä 0-0: Ball
1-0: Called Strike
1-1: Grounds into double play, 5-4-3 (Groundball, 56S, EV 86.2 MPH)
DeMarvion Overshown to third
Batting: RHB Blythe Plumpley 0-0: Called Strike
0-1: Ball
1-1: Ball
2-1: Called Strike
2-2: Ball
3-2: Strikes out looking
Top of the 4th over - 0 runs, 1 hit, 0 errors, 1 left on base; Montana 2 - Athletic Club KC 0
BOTTOM OF THE 4TH
Athletic Club KC batting - Pitching for Montana Pandas : RHP Karl Dandleton
Batting: LHB Oriol Fernández 0-0: Swinging Strike
0-1: Swinging Strike
0-2: Ball
1-2: Strikes out looking
Batting: RHB Terry Kurucz 0-0: Foul Ball, location: 2F
0-1: Ground out 5-3 (Groundball, 5L, EV 103.1 MPH)
Batting: RHB Marcos Quintana 0-0: Called Strike
0-1: Fly out, F8 (Flyball, 8RS, EV 90.0 MPH)
Bottom of the 4th over - 0 runs, 0 hits, 0 errors, 0 left on base; Montana 2 - Athletic Club KC 0
TOP OF THE 5TH
Montana Pandas batting - Pitching for Athletic Club KC : RHP Jack Bennett
Batting: RHB Nick Harper 0-0: Ball
1-0: Ball
2-0: Ground out 4-3 (Groundball, 4, EV 88.8 MPH)
Batting: SHB Manu Pakkarinen 0-0: Swinging Strike
0-1: Called Strike
0-2: Ball
1-2: Ground out U3 (Groundball, 3S, EV 67.5 MPH)
Batting: SHB Chris Piña 0-0: Ball
1-0: Ball
2-0: Ball
3-0: Base on Balls
Batting: LHB Gene Ricks 0-0: Called Strike
0-1: Ball
1-1: Swinging Strike
1-2: Fielders Choice at 2nd, 6-4 (Groundball, 6, EV 104.4 MPH)
Top of the 5th over - 0 runs, 0 hits, 0 errors, 1 left on base; Montana 2 - Athletic Club KC 0
BOTTOM OF THE 5TH
Athletic Club KC batting - Pitching for Montana Pandas : RHP Karl Dandleton
Batting: RHB Shou-xin Quian 0-0: Called Strike
0-1: Ball
1-1: Ball
2-1: Ball
3-1: Base on Balls
Batting: RHB Shane Reyes 0-0: Foul Ball, location: 2F
0-1: Bunted foul
0-2: Foul Ball, location: 2F
0-2: Fielders Choice at 2nd, 2-6 (Groundball, 2R, EV 73.8 MPH)
Batting: RHB Gabriel Martínez 0-0: SINGLE (Groundball, 4D, EV 94.4 MPH)
Shane Reyes to second
Batting: RHB Ali Ben Bongo 0-0: Foul Ball, location: 2F
0-1: Ball
1-1: Ball
2-1: Called Strike
2-2: SINGLE (Groundball, 6D, EV 97.5 MPH)
Shane Reyes to third
Gabriel Martínez to second
Batting: LHB César Núñez 0-0: Foul Ball, location: 2F
0-1: Ball
1-1: Ball
2-1: SINGLE (Groundball, 56, EV 94.4 MPH)
Shane Reyes scores
Gabriel Martínez to third
Ali Ben Bongo to second
Runner from 3rd tries for Home, SAFE, throw by LF to home
Batting: RHB Jimbob Ghostkeeper 0-0: Foul Ball, location: 2F
0-1: Swinging Strike
0-2: Ball
1-2: Strikes out swinging
Batting: LHB Oriol Fernández 0-0: Ground out 4-3 (Groundball, 4, EV 85.0 MPH)
Bottom of the 5th over - 2 runs, 3 hits, 0 errors, 2 left on base; Montana 2 - Athletic Club KC 2
TOP OF THE 6TH
Montana Pandas batting - Pitching for Athletic Club KC : RHP Jack Bennett
Batting: SHB Dylan Carson 0-0: Ball
1-0: Swinging Strike
1-1: Swinging Strike
1-2: Foul Ball, location: 2F
1-2: Ball
2-2: Fly out, F7 (Flyball, 7S, EV 94.4 MPH)
Batting: LHB DeMarvion Overshown 0-0: Called Strike
0-1: Ball
1-1: Swinging Strike
1-2: Strikes out swinging
Batting: RHB Edgar Baeza 0-0: Ball
1-0: Ball
2-0: Called Strike
2-1: Called Strike
2-2: Ball
3-2: Base on Balls
Batting: RHB Eikki Kankaanperä 0-0: Called Strike
0-1: Fly out, F7 (Flyball, 7D, EV 87.5 MPH)
Top of the 6th over - 0 runs, 0 hits, 0 errors, 1 left on base; Montana 2 - Athletic Club KC 2
BOTTOM OF THE 6TH
Athletic Club KC batting - Pitching for Montana Pandas : RHP Karl Dandleton
Batting: RHB Terry Kurucz 0-0: Called Strike
0-1: Called Strike
0-2: SINGLE (Groundball, 6MD, EV 105.6 MPH)
Batting: RHB Marcos Quintana 0-0: Ball
Passed Ball!
Terry Kurucz to second
1-0: Fly out, F7 (Flyball, 7, EV 85.6 MPH)
Batting: RHB Shou-xin Quian 0-0: Ball
Terry Kurucz steals 3rd base
1-0: Ground out 5-3 (Groundball, 5, EV 82.5 MPH)
Batting: RHB Shane Reyes 0-0: Called Strike
0-1: Called Strike
0-2: Ball
1-2: SINGLE (Line Drive, 4M, EV 102.5 MPH)
Terry Kurucz scores
Pitching: RHP Sy-ing Tah
Batting: RHB Gabriel Martínez 0-0: Ball
1-0: Called Strike
1-1: Swinging Strike
1-2: Ball
2-2: Foul Ball, location: 2F
2-2: Foul Ball, location: 2F
2-2: Fly out, F8 (Flyball, 8LD, EV 86.2 MPH)
Bottom of the 6th over - 1 run, 2 hits, 0 errors, 1 left on base; Montana 2 - Athletic Club KC 3
TOP OF THE 7TH
Montana Pandas batting - Pitching for Athletic Club KC : RHP Jack Bennett
Batting: RHB Blythe Plumpley 0-0: SINGLE (Groundball, 56D, EV 98.8 MPH)
Pitching: RHP David Maxwell
Batting: RHB Nick Harper 0-0: Ball
1-0: Ball
2-0: Swinging Strike
2-1: 2-RUN HOME RUN (Flyball, 7D, EV 108.8 MPH), Distance : 377 ft
Batting: SHB Manu Pakkarinen 0-0: Ground out 6-3 (Groundball, 6M, EV 107.5 MPH)
Batting: SHB Chris Piña 0-0: Called Strike
0-1: Foul Ball, location: 2F
0-2: Ball
1-2: Ball
2-2: Strikes out swinging
Batting: LHB Gene Ricks 0-0: Ball
1-0: Called Strike
1-1: Called Strike
1-2: Ball
2-2: Foul Ball, location: 2F
2-2: Ball
3-2: Foul Ball, location: 2F
3-2: Strikes out swinging
Top of the 7th over - 2 runs, 2 hits, 0 errors, 0 left on base; Montana 4 - Athletic Club KC 3
BOTTOM OF THE 7TH
Athletic Club KC batting - Pitching for Montana Pandas : RHP Sy-ing Tah
Batting: RHB Ali Ben Bongo 0-0: Called Strike
0-1: Foul Ball, location: 2F
0-2: Ball
1-2: Foul Ball, location: 2F
1-2: Fly out, F8 (Flyball, 8RD, EV 101.2 MPH)
Batting: LHB César Núñez 0-0: Called Strike
0-1: Ball
1-1: Fly out, F7 (Flyball, 7, EV 93.8 MPH)
Batting: RHB Jimbob Ghostkeeper 0-0: Ball
1-0: Called Strike
1-1: Foul Ball, location: 2F
1-2: Ball
2-2: Foul Ball, location: 2F
2-2: Ground out 4-3 (Groundball, 4S, EV 70.0 MPH)
Bottom of the 7th over - 0 runs, 0 hits, 0 errors, 0 left on base; Montana 4 - Athletic Club KC 3
TOP OF THE 8TH
Montana Pandas batting - Pitching for Athletic Club KC : RHP David Maxwell
Pitching: LHP Indigo Diaz
Batting: SHB Dylan Carson 0-0: Called Strike
0-1: Ball
1-1: Fly out, F3 (Popup, 3L, EV 71.9 MPH)
Batting: LHB DeMarvion Overshown 0-0: Ball
1-0: Called Strike
1-1: Foul Ball, location: 2F
1-2: Strikes out swinging, 2-3 out at first.
Batting: RHB Edgar Baeza 0-0: Called Strike
0-1: Ball
1-1: Ball
2-1: Ground out 6-3 (Groundball, 6, EV 84.4 MPH)
Top of the 8th over - 0 runs, 0 hits, 0 errors, 0 left on base; Montana 4 - Athletic Club KC 3
BOTTOM OF THE 8TH
Athletic Club KC batting - Pitching for Montana Pandas : RHP Sy-ing Tah
Batting: LHB Oriol Fernández 0-0: Fly out, F8 (Flyball, 8RD, EV 91.9 MPH)
Batting: RHB Terry Kurucz 0-0: Ball
1-0: Ground out 4-3 (Groundball, 4S, EV 89.4 MPH)
Batting: RHB Marcos Quintana 0-0: Swinging Strike
0-1: SINGLE (Flyball, 9LD, EV 87.5 MPH)
Pitching: RHP Darweshi Hadiya
Batting: RHB Shou-xin Quian 0-0: Ball
1-0: Foul Ball, location: 2F
1-1: Ball
2-1: Ball
3-1: SINGLE (Groundball, 4, EV 85.0 MPH) (infield hit)
Marcos Quintana to second
Batting: RHB Shane Reyes 0-0: Foul Ball, location: 2F
0-1: Ball
1-1: Swinging Strike
1-2: DOUBLE (Line Drive, 3D, EV 108.8 MPH)
Marcos Quintana scores
Shou-xin Quian to third
Batting: RHB Gabriel Martínez 0-0: Ball
1-0: Called Strike
1-1: Swinging Strike
1-2: Ball
2-2: Ball
3-2: Foul Ball, location: 2F
3-2: Strikes out looking
Bottom of the 8th over - 1 run, 3 hits, 0 errors, 2 left on base; Montana 4 - Athletic Club KC 4
TOP OF THE 9TH
Montana Pandas batting - Pitching for Athletic Club KC : LHP Indigo Diaz
Batting: RHB Eikki Kankaanperä 0-0: Swinging Strike
0-1: Swinging Strike
0-2: Foul Ball, location: 2F
0-2: Strikes out looking
Batting: RHB Blythe Plumpley 0-0: Ball
1-0: Ball
2-0: Swinging Strike
2-1: Foul Ball, location: 2F
2-2: Foul Ball, location: 2F
2-2: Ball
3-2: DOUBLE (Groundball, 5L, EV 104.4 MPH)
Batting: RHB Nick Harper 0-0: Called Strike
0-1: Fly out, F8 (Flyball, 8LS, EV 90.6 MPH)
Pinch Hitting: RHB Gilberto Juárez 0-0: Intentional Walk
Pinch Runner at 2nd Puck Schit:
Batting: SHB Chris Piña 0-0: Called Strike
0-1: Swinging Strike
0-2: Ball
1-2: Strikes out swinging
Top of the 9th over - 0 runs, 1 hit, 0 errors, 2 left on base; Montana 4 - Athletic Club KC 4
BOTTOM OF THE 9TH
Athletic Club KC batting - Pitching for Montana Pandas : RHP Darweshi Hadiya
Now at C: Gilberto Juárez
Now at SS: Hai-feng Tang
Batting: RHB Ali Ben Bongo 0-0: Ball
1-0: Foul Ball, location: 2F
1-1: Ball
2-1: Ball
3-1: Called Strike
3-2: Base on Balls
Batting: LHB César Núñez 0-0: Ball
1-0: Ball
2-0: Ground out 4-3 (Groundball, 4, EV 100.0 MPH)
Ali Ben Bongo to second
Batting: RHB Jimbob Ghostkeeper 0-0: Intentional Walk
Pitching: LHP Gil Herrera
Batting: LHB Oriol Fernández 0-0: Called Strike
0-1: Ball
Ali Ben Bongo is caught stealing 3rd base 2-5
1-1: SINGLE (Groundball, 34D, EV 108.1 MPH)
Jimbob Ghostkeeper to second
Runner from 2nd tries for 3rd, SAFE, no throw by RF
Batting: RHB Terry Kurucz 0-0: Ball
1-0: Foul Ball, location: 2F
1-1: Foul Ball, location: 2F
1-2: Ball
2-2: Ball
3-2: Fly out, F8 (Flyball, 89S, EV 84.4 MPH)
Bottom of the 9th over - 0 runs, 1 hit, 0 errors, 2 left on base; Montana 4 - Athletic Club KC 4
TOP OF THE 10TH
Montana Pandas batting - Pitching for Athletic Club KC : LHP Indigo Diaz
Pitching: RHP Juan David Pozo
Batting: LHB Gene Ricks 0-0: Fly out, F8 (Flyball, 8RD, EV 88.8 MPH)
Batting: SHB Dylan Carson 0-0: Called Strike
0-1: Ball
1-1: Ball
2-1: Fly out, F7 (Flyball, 7LSF, EV 92.5 MPH)
Batting: LHB DeMarvion Overshown 0-0: Ball
1-0: Swinging Strike
1-1: Ball
2-1: Foul Ball, location: 2F
2-2: Strikes out swinging
Top of the 10th over - 0 runs, 0 hits, 0 errors, 0 left on base; Montana 4 - Athletic Club KC 4
BOTTOM OF THE 10TH
Athletic Club KC batting - Pitching for Montana Pandas : LHP Gil Herrera
Pitching: RHP René Fontaine
Batting: RHB Marcos Quintana 0-0: Called Strike
0-1: Foul Ball, location: 2F
0-2: Ball
1-2: Ball
2-2: Ball
3-2: Foul Ball, location: 2F
3-2: Base on Balls
Batting: RHB Shou-xin Quian 0-0: Ball
1-0: TRIPLE (Flyball, 89XD, EV 105.0 MPH)
Marcos Quintana scores
Tuesday, January 5th, 2021 - OOTP Baseball 20.8 Build 74